 Dungeon Crawl Stone Soup version 0.28.0-49-g6dfe1f597d (webtiles) character file.

Game seed: 16172717454520227395

102 issech the Cudgeller (level 4, -2/44 HPs)
             Began as a Troll Monk on May 12, 2022.
             Slain by Ijyb
             ... wielding a +0 club
              (7 damage)
             ... on level 3 of the Dungeon.
             The game lasted 00:05:34 (1923 turns).

issech the Cudgeller (Troll Monk)                   Turns: 1923, Time: 00:05:35

Health: -2/44      AC:  0    Str: 19    XL:     4   Next: 49%
Magic:  3/3        EV: 10    Int:  6    God:
Gold:   1          SH:  0    Dex: 14    Spells: 3/3 levels left

rFire   + . .      SeeInvis .   r - +2 dagger "Nyasaf" {vorpal, rF+}
rCold   . . .      Faith    .   (no shield)
rNeg    . . .      Spirit   .   b - +0 robe
rPois   .          Reflect  .   (helmet restricted)
rElec   .          Harm     .   (no cloak)
rCorr   .          Rampage  .   (gloves unavailable)
Will    .....                   (boots unavailable)
Stlth   ++........              (no amulet)
HPRegen 0.94/turn               f - ring of wizardry
MPRegen 0.08/turn               (no ring)

@: corroded
A: large, unfitting armour, claws 3, regeneration 1, shaggy fur 1, tough skin 1
a: no special abilities


You were on level 3 of the Dungeon.
You visited 1 branch of the dungeon, and saw 3 of its levels.

You collected 120 gold pieces.
You spent 119 gold pieces at shops.

Inventory:

Hand Weapons
 a - a +0 mace
 r - the +2 dagger "Nyasaf" (weapon) {vorpal, rF+}
   (You bought it in a shop on level 3 of the Dungeon)

   It inflicts extra damage upon your enemies.
   rF:        It protects you from fire.
Missiles
 e - 40 sling bullets
 h - 48 stones (quivered)
 k - 3 poisoned darts
Armour
 b - a +0 robe (worn)
Jewellery
 f - a ring of wizardry (left claw)
 m - an amulet of regeneration
Scrolls
 g - a scroll of magic mapping {unknown}
 j - 2 scrolls of fear {unknown}
 n - a scroll of noise {unknown}
 q - 2 scrolls of identify {unknown}
Potions
 c - a potion of invisibility {unknown}
 d - 2 potions of curing {unknown}
 i - a potion of brilliance {unknown}
 l - a potion of berserk rage {unknown}
 o - a potion of might {unknown}
 p - 2 potions of mutation {unknown}


   Skills:
 + Level 2.8 Fighting
 + Level 3.9 Maces & Flails
 + Level 3.0 Dodging
 + Level 1.1 Stealth


You had 3 spell levels left.
You didn't know any spells.
Your spell library was empty.

Dungeon Overview and Level Annotations

Branches:
Dungeon (3/15)

Altars:
The Shining One

Shops:
D:3 (

Annotations:
D:2 1 runed translucent door, Crazy Yiuf
D:3 Ijyb


Innate Abilities, Weirdness & Mutations

You are too large for most types of armour.
You have claws for hands.
Your natural rate of healing is unusually fast.
You are covered in fur. (AC +1)
You have tough skin. (AC +1)


Message History

You barely miss the quokka. You claw the quokka.
You kill the quokka!
There is an entrance to Xugug's Antique Weapon Shop here.
r - the +2 dagger "Nyasaf" {vorpal, rF+} Thank you for shopping at Xugug's Antique Weapon Shop!
There is an entrance to Xugug's Antique Weapon Shop here.
r - the +2 dagger "Nyasaf" (weapon)
{vorpal, rF+}
Items here: ))))) [[[ ††.
You open the door.
There is an open door here.
You open the door.
Ijyb the Twisted Goblin comes into view.
She is wielding a +0 club and carrying a wand of acid (8).
Found 4 gold pieces.
The helpless Ijyb fails to defend herself.
You hit Ijyb but do no damage. Ijyb hits you but does no damage.
You hit Ijyb but do no damage. Ijyb closely misses you.
You hit Ijyb.
Ijyb is moderately wounded.
Ijyb zaps a wand.
The bolt of acid hits you! The acid corrodes you!
You barely miss Ijyb.
Ijyb is moderately wounded.
Ijyb closely misses you.
You hit Ijyb but do no damage.
Ijyb is moderately wounded.
Ijyb hits you with a +0 club.
You hit Ijyb but do no damage.
Ijyb is moderately wounded.
Ijyb hits you with a +0 club.
You barely miss Ijyb.
Ijyb is moderately wounded.
Ijyb zaps a wand.
The bolt of acid hits you!
* * * LOW HITPOINT WARNING * * *
You hit Ijyb but do no damage.
Ijyb is moderately wounded.
Ijyb hits you with a +0 club.
* * * LOW HITPOINT WARNING * * *
You closely miss Ijyb.
Ijyb is moderately wounded.
Ijyb hits you with a +0 club!
You die...

.#...##
#.........####...#.###.#
.##.## ##.......##
#...#.# #.# .# ##
###.....## #.#.#.###.#
.# #......## #.........#
.# #.###..# ###.......#
.# # #..#### ###.#####
####.###..#.. ...
..........#g# ####
####.##...#@# #......#
#......#.# ####..##.#
#....$# ##.#### #.# #.#
#.


You could see Ijyb.

Vanquished Creatures
  Jessica (D:3)
  An orc wizard (D:3)
  2 worms (D:2)
  2 dart slugs
  4 orcs (D:3)
  2 endoplasms
  A giant cockroach (D:1)
  2 hobgoblins (D:1)
  4 quokkas
  5 ball pythons
  5 bats
  2 frilled lizards
  6 kobolds
  5 rats
42 creatures vanquished.

Vanquished Creatures (others)
  5 toadstools (D:1)
5 creatures vanquished.

Grand Total: 47 creatures vanquished

Notes
Turn   | Place    | Note
-------+----------+-------------------------------------------
     0 | D:1      | issech the Troll Monk began the quest for the Orb.
     0 | D:1      | Reached XP level 1. HP: 22/22 MP: 0/0
   286 | D:1      | Reached XP level 2. HP: 29/29 MP: 1/1
  1008 | D:2      | Found a faded altar of an unknown god.
  1044 | D:2      | Reached XP level 3. HP: 36/36 MP: 2/2
  1147 | D:2      | Found a runed translucent door.
  1148 | D:2      | Noticed Crazy Yiuf
  1305 | D:2      | Found a glowing golden altar of the Shining One.
  1550 | D:3      | Noticed Jessica
  1562 | D:3      | Killed Jessica
  1741 | D:3      | Found Xugug's Antique Weapon Shop.
  1748 | D:3      | Reached XP level 4. HP: 44/44 MP: 3/3
  1866 | D:3      | Bought a transparent dagger for 119 gold pieces
  1866 | D:3      | Identified the +2 dagger "Nyasaf" {vorpal, rF+} (You bought
                  | it in a shop on level 3 of the Dungeon)
  1912 | D:3      | Noticed Ijyb
  1923 | D:3      | Slain by Ijyb

Illustrated notes

Levels and vault maps discovered:
D:1:      ldierk_walled_garden, layout_basic
D:2:      layout_rooms, shapermc_ecumenical_altar_ellora, basic_altar,
          kennysheep_donut, uniq_crazy_yiuf_cottage
D:3:      layout_loops_corners, serial_shops, nicolae_shop_stone,
          minmay_misc_feat_rugged, minmay_misc_feat_five, uniq_jessica,
          uniq_ijyb, uniq_robin

Skill      XL: |  1  2  3  4 |
---------------+-------------+-----
Maces & Flails | 3 |  3.9
Dodging        | 3 |  3.0
Fighting       | |  2.8
Stealth        | |  1.1

Action                   |  1- 3 |  4- 6 || total
-------------------------+-------+-------++-------
Melee: Mace              |   106 |    33 ||   139
       Punch             |     3 |     1 ||     4
       Dagger            |       |     9 ||     9
Throw: Stone             |     9 |     5 ||    14
 Stab: Sleeping          |     1 |     1 ||     2
Armor: Robe              |    42 |    11 ||    53
Dodge: Dodged            |    65 |    15 ||    80
